 Dungeon Crawl Stone Soup version 0.31.0-32-g396128a36d (webtiles) character file.

Game seed: 13694690540582079535

3 H0rd4k the Charlatan (level 1, -3/13 HPs)
             Began as an Octopode Artificer on Apr 19, 2024.
             Slain by a kobold
             ... wielding a +2 dagger of draining
              (5 damage)
             ... on level 1 of the Dungeon.
             The game lasted 00:00:22 (108 turns).

H0rd4k the Charlatan (Octopode Artificer)            Turns: 108, Time: 00:00:23

Health: -3/13      AC:  1    Str: 11    XL:     1   Next: 50%
Magic:  1/1        EV: 13    Int: 13    God:
Gold:   25         SH:  0    Dex: 12    Spells: 0/0 levels left

rFire   . . .        (no weapon)
rCold   . . .        (no shield)
rNeg    . . .        (helmet restricted)
rPois   .            (no amulet)
rElec   .            (no ring)
rCorr   .            (no ring)
SInv    .            (no ring)
Will    .....        (no ring)
Stlth   +++          (no ring)
HPRegen 0.22/turn    (no ring)
MPRegen 0.07/turn    (no ring)
                     (no ring)

%: no passive effects
@: no status effects
A: almost no armour, amphibious, 8 rings, camouflage 1, gelatinous body 1,
(nimble swimmer 1), tentacles
a: no special abilities


You were on level 1 of the Dungeon.
You visited 1 branch of the dungeon, and saw 1 of its levels.

You collected 25 gold pieces.

Inventory:

Wands
 b - a wand of flame (15) (quivered)
 c - a wand of charming (15)
 d - a wand of iceblast (5)


   Skills:
 + Level 1.0 Fighting
 - Level 2.3 Dodging
 - Level 1.3 Stealth
 + Level 0.6 Unarmed Combat
 - Level 3.2 Evocations
 * Level 0.3 Shapeshifting


You couldn't memorise any spells.
You didn't know any spells.
Your spell library contained the following spells:

 Spells                   Type           Power      Damage    Failure   Level
 Magic Dart               Conj           0%         1d3       30%         1
 Blink                    Tloc           0%         N/A       43%         2
 Call Imp                 Summ           0%         N/A       43%         2


Dungeon Overview and Level Annotations

Branches:
Dungeon (1/15)

Altars:


Innate Abilities, Weirdness & Mutations

You cannot wear most types of armour.
You are amphibious.
You can wear up to eight rings at the same time.
Your skin changes colour to match your surroundings (Stealth+).
Your rubbery body absorbs attacks. (AC +1, EV +1)
((You are camouflaged when in or above water. (Stealth+)))
You have tentacles for arms and can constrict up to eight enemies at once.


Message History

There are monsters nearby!
A kobold comes into view. It is wielding a +2 dagger of draining.
There are monsters nearby!
The kobold shouts!
The hobgoblin shouts!
You hear a loud squeak.
A ball python comes into view.
You hear a shout!
There are monsters nearby!
There are monsters nearby!
You tentacle-slap the ball python. You grab the ball python.
The ball python is moderately wounded.
You constrict the ball python.
You kill the ball python!
The quokka bites you. The quokka barely misses you.
A goblin comes into view. It is wielding a +0 dagger.
You closely miss the quokka. Your grab misses the quokka.
The quokka barely misses you.
You barely miss the hobgoblin. Your grab misses the hobgoblin.
The quokka closely misses you. The hobgoblin misses you.
A rat comes into view.
You barely miss the hobgoblin. You grab the hobgoblin.
You squeeze the hobgoblin.
The hobgoblin is almost dead.
You constrict the hobgoblin, but do no damage.
The quokka completely misses you. The hobgoblin barely misses you.
You completely miss the hobgoblin.
The hobgoblin is almost dead.
You constrict the hobgoblin.
You kill the hobgoblin!
The quokka closely misses you.
A bat comes into view.
You tentacle-slap the quokka. Your grab misses the quokka.
The quokka is lightly wounded.
The quokka bites you. The quokka attacks as it pursues you!
The quokka misses you. The quokka barely misses you.
The kobold attacks as it pursues you! The kobold closely misses you.
The quokka attacks as it pursues you! The quokka bites you.
* * * LOW HITPOINT WARNING * * *
The kobold hits you with a +2 dagger of draining.
You die...

#........ #.8.#####
#### ### #...#≈≈S#
#.... ..# #.#.#≈≈≈#
#....##.##### #.#.#≈≈≈#
.......b. ..# #.#.#####
....r#†g###.# #<#......
#......K.#.# #.#.#####
###.##.r@#.## #.#.#≈≈S#
#.........# #.#.#≈≈≈#
###....#..# #...#≈≈≈#
#.$....#..# #.8.#####
#......#..#####........
#......#.....##########
#......................
.....#.......######..##
.##^.........+......>#


You could see a quokka, a goblin, a bat, a kobold and a rat.

Vanquished Creatures
  An endoplasm (D:1)
  A hobgoblin (D:1)
  A ball python (D:1)
3 creatures vanquished.

Notes
Turn   | Place    | Note
-------+----------+-------------------------------------------
     0 | D:1      | H0rd4k the Octopode Artificer began the quest for the Orb.
     0 | D:1      | Reached XP level 1. HP: 13/13 MP: 1/1
     3 | D:1      | Noticed an electric eel
     4 | D:1      | Noticed an electric eel
   108 | D:1      | Slain by a kobold

Illustrated notes

Levels and vault maps discovered:
D:1:      arrival_aquarium_b, layout_basic, serial_shops, shop

Action                     || total
---------------------------++-------
  Melee: Unarmed           ||     7
         Constrict         ||     2
         Punch             ||     1
         Tentacles         ||     1
 Armour: Skin              ||     4
  Dodge: Dodged            ||    10
